 Dungeon Crawl Stone Soup version 0.16-a0-3641-g71d4c1b (webtiles) character file.

94 neocow the Sneak (level 4, -1/38 HPs)
             Began as a Deep Dwarf Artificer on May 15, 2015.
             Killed by nerve-wracking pain
             ... invoked by Grinder
              (13 damage)
             ... on level 3 of the Dungeon.
             The game lasted 00:10:34 (1729 turns).

neocow the Sneak (Deep Dwarf Artificer)             Turns: 1729, Time: 00:10:34

Health: -1/38      AC:  4    Str: 15    XL:     4   Next: 38%
Magic:  6/6        EV: 12    Int: 15    God:
Gold:   155        SH:  0    Dex: 14    Spells: 1 memorised, 2 levels left

rFire  . . .     SeeInvis .     a - +0 short sword
rCold  . . .     Clarity  .     e - +1 leather armour
rNeg   + . .     SustAb   .     (no shield)
rPois  .         Gourm    .     (no helmet)
rElec  .         Spirit   .     (no cloak)
rCorr  .         Warding  +     (no gloves)
rMut   .         Stasis   .     (no boots)
MR     .....                    o - amulet of warding
Stlth  +++.......               r - +3 ring of intelligence
                                p - ring of invisibility

@: non-regenerating, not resistant to hostile enchantments, fairly stealthy
A: damage resistance, recharge devices, sense surroundings 1, slow healing 3
a: Device Recharging, Evoke Invisibility


You were on level 3 of the Dungeon.
You were not hungry.

You visited 1 branch of the dungeon, and saw 3 of its levels.

You collected 155 gold pieces.

Inventory:

Hand weapons
 a - a +0 short sword (weapon)
Armour
 e - a +1 leather armour (worn)
Jewellery
 o - an amulet of warding (around neck)
 p - a ring of invisibility (left hand)
 r - a +3 ring of intelligence (right hand)
Magical devices
 b - a wand of flame (15)
 c - a wand of enslavement (15)
 d - a wand of random effects (15)
 f - a wand of heal wounds (4)
Scrolls
 h - a scroll of recharging
 j - a scroll of identify
 t - a scroll of fear {unknown}
Potions
 i - 2 potions of brilliance {unknown}
 k - a potion of restore abilities {unknown}
 m - 4 potions of curing {unknown}
 n - a potion of might {unknown}
 q - a potion of degeneration {unknown}
 u - a potion of flight {unknown}
 w - a potion of mutation {unknown}
Books
 s - a Young Poisoner's Handbook

   Spells                             Type                      Level
   a - Sting                          Conjuration/Poison           1
   b - Cure Poison                    Poison                       2
   c - Mephitic Cloud                 Conjuration/Poison/Air       3
   d - Olgreb's Toxic Radiance        Poison                       4
   e - Venom Bolt                     Conjuration/Poison           5
Comestibles
 g - 2 bread rations
 l - 2 royal jellies
 v - a beef jerky


   Skills:
 - Level 1.0 Fighting
 + Level 1.1 Short Blades
 - Level 2.1 Dodging
 + Level 5.4 Stealth
 - Level 4.1 Evocations


You had 2 spell levels left.
You knew the following spells:

 Your Spells              Type           Power        Failure   Level  Hunger
a - Sting                 Conj/Pois      #...         28%         1    ##.....


Dungeon Overview and Level Annotations

Branches:
Dungeon (3/15)

Altars:
Trog

Annotations:
D:3 1 exclusion, Crazy Yiuf, Grinder


Innate Abilities, Weirdness & Mutations

You are resistant to damage.
You can recharge devices by infusing magical energy.
You passively map a small area around you.
You do not heal naturally.


Message History

The goblin hits you.
You hit the goblin.
You kill the goblin!
No target in view!
No target in view!
You see here a goblin corpse.
You butcher the goblin corpse.
x - a chunk of flesh Eat a chunk of flesh? (ye/n/q/i?) This raw flesh tastes terrible.
You continue eating. x2
You spend a moment contemplating the meaning of life.
Found a stone staircase leading up.
You open the door.
Grinder comes into view.
There is an open door here.
Grinder shouts!
Grinder gestures at you. Pain shoots through your body!
You die...

, .P≈ * * * .P≈* * .≈≈ * *
##+# #.. ### * ##...#* #.#
#>. , ##.....## ### #.# #.#
#.......## ##.###.# #.#
#.........####...##.###.#
+......5@.'.............. ,
, #.........##.#...##.###..
#######.###.##.###.# ###
### #.######.# #.# #....#
### ♣♣#### #.###.##.# #)..#
♣♣....###........#
#g....♣♣♣♣......######.####
,, ♣..♣.......# #.#


You could see Grinder.

Vanquished Creatures
  4 adders (D:2)
  A giant mite (D:3)
  A worm (D:2)
  A giant gecko (D:2)
  An ooze (D:1)
  An orc (D:3)
  A ball python (D:3)
  5 hobgoblins
  3 jackals (D:2)
  4 kobolds
  7 bats
  2 giant newts
  9 goblins
  2 quokkas (D:3)
  5 rats
47 creatures vanquished.

Notes
Turn   | Place    | Note
--------------------------------------------------------------
     0 | D:1      | neocow, the Deep Dwarf Artificer, began the quest for the Orb.
     0 | D:1      | Reached XP level 1. HP: 16/16 MP: 1/1
    11 | D:1      | Reached skill level 1 in Fighting
   126 | D:1      | Reached XP level 2. HP: 15/25 MP: 3/3
   665 | D:2      | Reached XP level 3. HP: 24/31 MP: 5/5
   695 | D:2      | Learned a level 1 spell: Sting
  1004 | D:2      | Found a bloodstained altar of Trog.
  1240 | D:2      | Reached skill level 5 in Stealth
  1240 | D:2      | Reached XP level 4. HP: 23/38 MP: 6/6
  1549 | D:3      | Reached skill level 1 in Short Blades
  1656 | D:3      | Noticed Crazy Yiuf
  1726 | D:3      | Noticed Grinder
  1729 | D:3      | Killed from afar by Grinder

Action                   |  1- 3 |  4- 6 || total
-------------------------+-------+-------++-------
Melee: Short sword       |   117 |    22 ||   139
       Dagger            |    14 |    17 ||    31
 Cast: Sting             |     7 |     6 ||    13
Evoke: Wand              |     1 |       ||     1
  Use: Scroll            |     4 |     1 ||     5
 Stab: Sleeping          |     3 |     5 ||     8
       Distracted        |     1 |       ||     1
  Eat: Chunk             |     2 |     2 ||     4
